 Dungeon Crawl Stone Soup version 0.15-a0-2232-g756d4b8 (webtiles) character file.

249 Charly the Insei (level 5, -4/41 HPs)
             Began as a Demonspawn Monk on July 25, 2014.
             Slain by a sky beast (5 damage)
             ... on Level 6 of the Dungeon.
             The game lasted 00:17:30 (1526 turns).

Charly the Insei (Demonspawn Monk)                  Turns: 1526, Time: 00:17:31

HP  -4/41        AC  3     Str 12      XL: 5   Next: 86%
MP   5/5         EV 13     Int 12      God:
Gold 47          SH  0     Dex 15      Spells:  0 memorised,  4 levels left

rFire  . . .     SeeInvis .       - Unarmed
rCold  + . .     Clarity  .     a - +0 robe
rNeg   . . .     rCorr    .     (no shield)
rPois  .         rRot     .     (no helmet)
rElec  .         Spirit   .     (no cloak)
SustAb .         Warding  .     (no gloves)
rMut   .         Stasis   .     c - +0 pair of boots
Gourm  .                        d - amulet of rage
MR     .....                    (no ring)
                                (no ring)

@: exhausted, very slightly contaminated, slowed, very slow, not resistant to
hostile enchantments, unstealthy
A: cold resistance 1, freezing cloud immunity
a: Evoke Berserk Rage


You were on level 6 of the Dungeon.
You were not hungry.

You visited 1 branch of the dungeon, and saw 6 of its levels.
You also visited: Sewer.

You collected 47 gold pieces.

Inventory:

Hand weapons
 f - a +1 club
Armour
 a - a +0 robe (worn)
 c - a +0 pair of boots (worn)
Comestibles
 b - a bread ration
 g - 3 chunks of worker ant flesh
Scrolls
 i - a scroll of enchant weapon
Jewellery
 d - an amulet of rage (around neck)
Potions
 k - a potion of degeneration {unknown}
 l - 2 potions of curing
 o - 3 potions of might {unknown}
 p - 2 potions of magic {unknown}


   Skills:
 - Level 3.0 Fighting
 - Level 2.6 Dodging
 - Level 1.7 Stealth
 + Level 6.5 Unarmed Combat


You had 4 spell levels left.
You didn't know any spells.

Dungeon Overview and Level Annotations

Branches:
Dungeon (6/15)
 Temple: D:4-7

Altars:
Sif Muna


Innate Abilities, Weirdness & Mutations

Your flesh is cold resistant.
You are immune to freezing clouds.


Message History

* * * LOW HITPOINT WARNING * * *
You feel your anger subside. Something hits you.
* * * LOW HITPOINT WARNING * * *
Something shocks you.
* * * LOW HITPOINT WARNING * * *
You are no longer berserk.
You are exhausted.
You feel yourself slow down. Something hits you but does no damage.
Something hits you but does no damage.
Found a stone staircase leading up.
Something hits you.
* * * LOW HITPOINT WARNING * * *
Something shocks you.
* * * LOW HITPOINT WARNING * * *
Something hits you.
* * * LOW HITPOINT WARNING * * *
Something shocks you.
You die...

#........#....#
#....###.#....#
+.....##.#.##.#
#.....##....#.#
###...#######.#
#.#### .#
#....#
(<.##.###{...#
........@....#
.....####....#
_ #....# #....#
#....# #....#
#....# #....#
###


There were no monsters in sight!

Vanquished Creatures
  A hound (D:6)
  A crimson imp (D:6)
  A giant frog skeleton (D:5)
  A worker ant (D:6)
  5 adders
  A green rat (D:3)
  A giant mite (D:3)
  A giant gecko (D:5)
  3 oozes
  2 orcs
  5 hobgoblins
  3 ball pythons (Sewer)
  11 bats
  3 giant cockroaches
  3 giant newts
  2 goblins
  5 jackals (Sewer)
  12 kobolds
  4 rats
65 creatures vanquished.

Vanquished Creatures (others)
  2 orc warriors (D:6)
  A hobgoblin (D:6)
  A bat (D:6)
  A goblin (D:6)
5 creatures vanquished.

Grand Total: 70 creatures vanquished

Notes
Turn   | Place    | Note
--------------------------------------------------------------
     0 | D:1      | Charly, the Demonspawn Monk, began the quest for the Orb.
     0 | D:1      | Reached XP level 1. HP: 18/18 MP: 1/1
   217 | D:1      | Reached skill level 4 in Unarmed Combat
   222 | D:1      | Gained mutation: Your flesh is cold resistant. [demonic ancestry]
   222 | D:1      | Reached XP level 2. HP: 24/24 MP: 2/2
   514 | D:2      | Gained mutation: You are immune to freezing clouds. [demonic ancestry]
   514 | D:2      | Reached XP level 3. HP: 26/29 MP: 3/3
   703 | D:3      | Found a glowing drain.
   719 | D:3      | Reached skill level 5 in Unarmed Combat
   753 | Sewer    | Entered a sewer
   811 | Sewer    | Reached XP level 4. HP: 35/35 MP: 4/4
  1296 | D:4      | Noticed a phantom
  1314 | D:5      | Entered Level 5 of the Dungeon
  1401 | D:5      | Reached XP level 5. HP: 9/41 MP: 5/5
  1405 | D:5      | Noticed a sky beast
  1441 | D:6      | Killed an orc warrior
  1469 | D:6      | Reached skill level 6 in Unarmed Combat
  1473 | D:6      | Killed an orc warrior
  1514 | D:6      | Noticed a sky beast
  1526 | D:6      | Found a deep blue altar of Sif Muna.
  1526 | D:6      | HP: 2/41 [something (5)]
  1526 | D:6      | Slain by a sky beast

Action                   |  1- 3 |  4- 6 || total
-------------------------+-------+-------++-------
Melee: Unarmed           |   133 |   141 ||   274
 Abil: Evoke Berserk Rag |     3 |     4 ||     7
  Use: Scroll            |     1 |     4 ||     5
       Potion            |       |     4 ||     4
 Stab: Sleeping          |     5 |       ||     5
       Invisible         |       |     1 ||     1
  Eat: Chunk             |     1 |     4 ||     5
       Bread ration      |       |     1 ||     1
